 Dungeon Crawl Stone Soup version 0.19-a0-1899-g2d93087 (webtiles) character file.

14957 PurpleRed the Severer (level 11, -6/105 HPs)
             Began as a Minotaur Fighter on Oct 19, 2016.
             Was a Believer of Makhleb.
             Mangled by a 17-headed hydra (11 damage)
             ... on level 12 of the Dungeon.
             The game lasted 00:24:29 (8278 turns).

PurpleRed the Severer (Minotaur Fighter)            Turns: 8278, Time: 00:24:30

Health: -6/105     AC: 22    Str: 23    XL:     11   Next: 95%
Magic:  19/19      EV:  4    Int:  5    God:    Makhleb [**....]
Gold:   718        SH: 10    Dex: 14    Spells: 0 memorised, 10 levels left

rFire  . . .     SeeInvis .     h - +2 war axe (vamp)
rCold  . . .     Gourm    .     K - +0 plate armour
rNeg   . . .     Faith    .     c - +0 shield
rPois  .         Spirit   .     a - +1 hat
rElec  .         Reflect  .     F - +2 cloak
rCorr  .         Harm     .     l - +0 pair of gloves
MR     .....                    e - +1 pair of boots
Stlth  ..........               v - amulet of rage
                                j - ring of magical power
                                t - +3 ring of dexterity

@: no status effects
A: retaliatory headbutt, beak, horns 2
a: Minor Destruction, Renounce Religion, Evoke Berserk Rage


You were on level 12 of the Dungeon.
You worshipped Makhleb.
Makhleb was pleased with you.
You were not hungry.

You visited 2 branches of the dungeon, and saw 13 of its levels.
You also visited: Sewer.

You collected 800 gold pieces.
You spent 82 gold pieces at shops.

Inventory:

Hand Weapons
 h - a +2 vampiric war axe (weapon)
 i - a +0 war axe of draining
 X - the +9 war axe of Kindness {chop, rF- rC++}
   (You found it on level 11 of the Dungeon)

   It inflicts extra damage upon your enemies.
   It makes you vulnerable to fire.
   It greatly protects you from cold.
Missiles
 b - a throwing net (quivered)
Armour
 a - a +1 hat (worn)
 c - a +0 shield (worn)
 e - a +1 pair of boots (worn)
 l - a +0 pair of gloves (worn)
 F - a +2 cloak (worn)
 K - a +0 plate armour (worn)
Jewellery
 j - a ring of magical power (right hand)
 t - a +3 ring of dexterity (left hand)
 v - an amulet of rage (around neck)
 A - an uncursed amulet of regeneration
Wands
 B - a wand of flame (43/48)
 N - a wand of iceblast (9/15)
 O - a wand of digging (12/24)
 Q - a wand of flame (17/48)
 V - a wand of digging (11/24)
 Y - a wand of lightning (12/15)
Scrolls
 g - 7 scrolls of immolation
 r - a scroll of enchant weapon
 s - 2 scrolls of magic mapping
 w - a scroll of fog
 y - 4 scrolls of remove curse
 z - 7 scrolls of teleportation
 C - a scroll of fear
 E - 2 scrolls of amnesia
Potions
 d - 2 potions of might
 k - 3 potions of lignification
 m - 4 potions of agility
 n - 4 potions of curing
 q - 2 potions of cancellation
 u - 3 potions of brilliance
 x - a potion of flight
 D - 2 potions of berserk rage
 J - a potion of heal wounds
 L - a potion of haste
 Z - a potion of magic
Books
 p - a book of Cantrips

   Spells                             Type                      Level
   a - Confusing Touch                Hexes                        1
   b - Animate Skeleton               Necromancy                   1
   c - Summon Small Mammal            Summoning                    1
   d - Apportation                    Translocation                1
Miscellaneous
 M - a lamp of fire
Comestibles
 f - 9 bread rations
 o - 6 meat rations
 I - 8 fruits
 P - 6 slices of pizza


   Skills:
 + Level 12.7 Fighting
 * Level 16.9 Axes
 + Level 8.7 Armour
 - Level 3.6 Shields


You had 10 spell levels left.
You didn't know any spells.

Dungeon Overview and Level Annotations

Branches:
Dungeon (12/15)            Temple (1/1) D:6            Lair (0/6) D:9
    Orc (0/2) D:11

Altars:
Ashenzari
Cheibriados
Dithmenos
Elyvilon
Fedhas
Gozag
Hepliaklqana
Kikubaaqudgha
Makhleb
Nemelex Xobeh
Okawaru
Qazlal
Ru
Sif Muna
Trog
Uskayaw
Vehumet
Xom
Yredelemnul
Zin
The Shining One
Lugonu

Shops:
D:5 ??(*   D:8 :   D:12 *


Innate Abilities, Weirdness & Mutations

You reflexively headbutt those who attack you in melee.
You have a pair of horns on your head.
You have a beak for a mouth.


Message History

The 17-headed hydra is severely wounded.
The 17-headed hydra bites you but does no damage. x2
The 17-headed hydra bites you!
* * * LOW HITPOINT WARNING * * *
The 17-headed hydra bites you.
* * * LOW HITPOINT WARNING * * *
The 17-headed hydra bites you but does no damage.
The 17-headed hydra bites you.
* * * LOW HITPOINT WARNING * * *
The 17-headed hydra bites you but does no damage. x2
The 17-headed hydra bites you.
* * * LOW HITPOINT WARNING * * *
The 17-headed hydra bites you.
* * * LOW HITPOINT WARNING * * *
The 17-headed hydra bites you.
* * * LOW HITPOINT WARNING * * *
You block the 17-headed hydra's attack.
The 17-headed hydra bites you but does no damage.
The 17-headed hydra bites you!
You die...

......#
#...(....#
##.####
#........#
#...
###+######
###(# .#
#### .. ..#
...
#####D#####
...
#....@....#
...
#.........#
...
#.........#
...
+.........#
..
#.........#
#.........#
##'########
.### #.#
..# #.#


You could see a 17-headed hydra.

Vanquished Creatures
  2 unseen horrors (D:11)
  A hill giant (D:10)
  A manticore (D:12)
  An ugly thing (D:11)
  Joseph (D:10)
  A guardian serpent (D:12)
  5 trolls
  A hornet (D:7)
  Prince Ribbit (D:6)
  2 hippogriffs
  5 slime creatures
  4 hogs (D:9)
  A human (D:9)
  16 yaks
  2 hungry ghosts
  Menkaure (D:6)
  3 vampire mosquitoes (D:12)
  3 porcupines (D:8)
  A black bear (D:9)
  2 orc warriors
  3 ice beasts
  A phantom (D:5)
  15 centaurs
  3 ogres
  6 bullfrogs
  A wyvern zombie (D:7)
  A wyvern skeleton (D:9)
  A scorpion (D:4)
  3 killer bees (D:12)
  7 wights
  An electric eel (D:9)
  3 howler monkeys (D:8)
  3 centaur zombies
  4 crimson imps
  A quasit (D:10)
  A human zombie (D:6)
  7 hounds
  A jelly (D:12)
  2 centaur skeletons
  6 orc priests
  A bullfrog zombie (D:10)
  6 orc wizards
  2 bullfrog skeletons
  3 iguanas
  Natasha (thrice) (D:3 D:2)
  6 worker ants
  3 gnolls
  11 adders
  6 shadow imps
  An ooze (D:3)
  3 adder skeletons
  5 worms
  6 leopard geckos
  29 orcs
  14 giant cockroaches
  5 goblins
  11 hobgoblins
  10 jackals
  4 quokkas
  3 ball pythons
  4 bats
  11 frilled lizards
  A jackal skeleton (D:5)
  9 kobolds
  6 rats
  A plant (D:8)
288 creatures vanquished.

Vanquished Creatures (others)
  A plant (D:8)
1 creature vanquished.

Grand Total: 289 creatures vanquished

Notes
Turn   | Place    | Note
-------+----------+-------------------------------------------
     0 | D:1      | PurpleRed the Minotaur Fighter began the quest for the Orb.
     0 | D:1      | Reached XP level 1. HP: 19/19 MP: 0/0
   376 | D:1      | Reached skill level 3 in Axes
   383 | D:1      | Reached XP level 2. HP: 27/27 MP: 1/1
   888 | D:2      | Reached XP level 3. HP: 33/33 MP: 2/2
  1043 | D:2      | Reached skill level 4 in Axes
  1294 | D:3      | Noticed Natasha
  1302 | D:3      | Killed Natasha
  1302 | D:3      | Reached XP level 4. HP: 35/41 MP: 3/3
  1313 | D:3      | Found a radiant altar of Vehumet.
  1359 | D:3      | Noticed Natasha
  1359 | D:3      | Reached skill level 5 in Axes
  1370 | D:3      | Killed Natasha
  1370 | D:3      | Reached XP level 5. HP: 20/47 MP: 4/4
  1410 | D:3      | Noticed Natasha
  1422 | D:2      | Killed Natasha
  1660 | D:3      | Reached skill level 6 in Axes
  1660 | D:3      | Reached skill level 5 in Fighting
  1745 | D:3      | You fall through a shaft for 3 floors!
  1763 | D:6      | Noticed Prince Ribbit
  1783 | D:5      | Entered Level 5 of the Dungeon
  1783 | D:5      | Found Xoucaugoha's Magic Scroll Emporium.
  1792 | D:5      | Noticed a phantom
  1812 | D:5      | Bought a scroll of identify for 28 gold pieces
  1825 | D:5      | Killed a phantom
  1825 | D:5      | Reached XP level 6. HP: 33/56 MP: 5/5
  1843 | D:5      | Gained mutation: You have a beak for a mouth. [potion of beneficial mutation]
  1851 | D:5      | Reached skill level 7 in Axes
  1870 | D:5      | Found Luxilud's Magic Scroll Emporium.
  2009 | D:5      | Found a shadowy altar of Dithmenos.
  2033 | D:5      | Found a blossoming altar of Fedhas.
  2141 | D:5      | Found an ancient bone altar of Kikubaaqudgha.
  2179 | D:5      | Found Pycesu's General Store.
  2213 | D:5      | Found Vienteor's Antique Weapon Emporium.
  2284 | D:4      | Found a shimmering altar of Xom.
  2458 | D:4      | Found a glowing drain.
  2488 | Sewer    | Entered a sewer
  2499 | Sewer    | Reached XP level 7. HP: 61/63 MP: 6/6
  2668 | Sewer    | Reached skill level 8 in Axes
  2940 | D:6      | Found a basalt altar of Yredelemnul.
  3005 | D:6      | Reached skill level 9 in Axes
  3144 | D:6      | Found a staircase to the Ecumenical Temple.
  3209 | Temple   | Entered the Ecumenical Temple
  3426 | D:6      | Reached XP level 8. HP: 70/73 MP: 7/7
  3461 | D:6      | Noticed Menkaure
  3464 | D:6      | Killed Prince Ribbit
  3464 | D:6      | Reached skill level 10 in Axes
  3467 | D:6      | Killed Menkaure
  4161 | D:7      | Reached skill level 11 in Axes
  4555 | D:7      | Reached XP level 9. HP: 80/82 MP: 8/8
  4591 | D:7      | Reached skill level 12 in Axes
  4811 | D:7      | Found a shadowy altar of Dithmenos.
  4818 | D:7      | Found a sparkling altar of Nemelex Xobeh.
  4825 | D:7      | Found a shattered altar of Ashenzari.
  4832 | D:7      | Found an iron altar of Okawaru.
  4837 | D:7      | Found a glowing golden altar of the Shining One.
  4844 | D:7      | Found a glowing silver altar of Zin.
  4849 | D:7      | Found a hazy altar of Hepliaklqana.
  4952 | D:8      | Noticed a troll
  4967 | D:8      | Killed a troll
  5064 | D:8      | Reached skill level 13 in Axes
  5072 | D:8      | Noticed a troll
  5078 | D:8      | Killed a troll
  5078 | D:8      | Reached skill level 10 in Fighting
  5333 | D:8      | Noticed a troll
  5340 | D:8      | Killed a troll
  5343 | D:8      | Noticed a troll
  5347 | D:8      | Killed a troll
  5347 | D:8      | Reached XP level 10. HP: 47/94 MP: 9/9
  5651 | D:8      | Found Boplittu's Book Shoppe.
  6145 | D:9      | Reached skill level 14 in Axes
  6209 | D:9      | Found a burning altar of Makhleb.
  6213 | D:9      | Became a worshipper of Makhleb the Destroyer
  6399 | D:9      | Reached skill level 5 in Armour
  6474 | D:9      | Found a staircase to the Lair.
  6637 | D:9      | Reached skill level 15 in Axes
  6642 | D:9      | Reached * piety under Makhleb
  6679 | D:10     | Entered Level 10 of the Dungeon
  6740 | D:10     | Noticed a hill giant
  6749 | D:10     | Killed a hill giant
  6771 | D:10     | Reached XP level 11. HP: 102/102 MP: 10/10
  6773 | D:10     | Noticed Joseph
  6791 | D:10     | Killed Joseph
  7412 | D:11     | Killed an unseen horror
  7437 | D:11     | Reached skill level 16 in Axes
  7441 | D:11     | Found a staircase to the Orcish Mines.
  7466 | D:11     | Noticed a brown ugly thing
  7479 | D:11     | Killed a brown ugly thing
  7483 | D:11     | Got a warped war axe
  7538 | D:11     | Killed an unseen horror
  7538 | D:11     | Reached ** piety under Makhleb
  7711 | D:12     | Identified the +9 war axe of Kindness {chop, rF- rC++} (You found it on level 11 of the Dungeon)
  8096 | D:12     | Found Kowolene's Assorted Antiques.
  8099 | D:12     | Bought a scroll of identify for 54 gold pieces
  8266 | D:12     | Noticed an eight-headed hydra
  8278 | D:12     | HP: 5/105 [17-headed hydra (1)]
  8278 | D:12     | Mangled by a 17-headed hydra

Vault maps used:
D:1:      kennysheep_arrival_forest
D:2:      minmay_goblin_kobold_house
D:3:      vehumet_crystals, first_bread, uniq_natasha
D:4:      gup_sewer_entry_pipe, xom_teletrap_fun
D:5:      nicolae_overflow_crystal_walls, lemuel_round_altar, serial_shops,
          nicolae_shop_competitors_out_of_business,
          nicolae_shop_overgrown_old_shop, nicolae_shop_window_shopping,
          nicolae_shop_trees, grunt_dithmenos_shadows
D:6:      kennysheep_mini_moat, enter_ossuary_3, roderic_lattice_a,
          abandoned_shop, uniq_menkaure, uniq_prince_ribbit1
D:7:      grunt_temple_overflow_octagram
D:8:      wad_woods_settlement, serial_shops, shop
D:9:      argonaut_augean_stables, bloody_makhleb, lair_0_dummy, grunt_livestock
D:10:     uniq_joseph
D:11:     orc_0_dummy, minmay_misc_feat_room
D:12:     serial_shops, kennysheep_mini, nrook_guardian_serpent_double
Temple:   corrupted_temple
Sewer:    sewer_frog_island_01

Skill      XL: |  1  2  3  4  5  6  7  8  9 10 11 |
---------------+----------------------------------+-----
Axes           | 3 4 5 6 7 9 11 13 15 16 | 16.9
Fighting       | 4 5 6 7 8 10 11 12 | 12.7
Armour         | 6 8 |  8.7
Shields        | |  3.6

Action                   |  1- 3 |  4- 6 |  7- 9 | 10-12 || total
-------------------------+-------+-------+-------+-------++-------
Melee: War axe           |    98 |   115 |   235 |   336 ||   784
       Headbutt          |    12 |    23 |    53 |    93 ||   181
       Peck              |       |     6 |    45 |    90 ||   141
 Abil: Evoke Berserk Rag |       |       |     1 |       ||     1
  Use: Scroll            |       |    12 |     8 |     7 ||    27
       Potion            |       |     1 |     2 |       ||     3
 Stab: Invisible         |       |       |     7 |       ||     7
  Eat: Chunk             |     1 |     4 |     8 |     6 ||    19
       Beef jerky        |       |       |     1 |     2 ||     3
       Meat ration       |       |       |     1 |       ||     1
       Royal jelly       |       |       |     1 |       ||     1
       Bread ration      |       |       |       |     1 ||     1
       Pizza             |       |       |       |     1 ||     1
Armor: Scale mail        |    34 |    42 |       |       ||    76
       Chain mail        |       |    14 |    95 |     3 ||   112
       Plate armour      |       |       |       |   236 ||   236
Dodge: Dodged            |    26 |    22 |    50 |    50 ||   148
Block: Shield            |    52 |    65 |   114 |   176 ||   407
